 Dungeon Crawl Stone Soup version 0.28-a0-895-g6e5f11bd55 (webtiles) character file.

Game seed: 11295019246946276754

32 pokeman the Magician (level 3, -3/20 HPs)
             Began as a Deep Elf Hedge Wizard on Nov 22, 2021.
             Slain by Robin (7 damage)
             ... on level 2 of the Dungeon.
             The game lasted 00:02:28 (2039 turns).

pokeman the Magician (Deep Elf Hedge Wizard)        Turns: 2039, Time: 00:02:29

Health: -3/20      AC:  2    Str:  7    XL:     3   Next: 10%
Magic:  6/11       EV: 12    Int: 19    God:
Gold:   58         SH:  0    Dex: 14    Spells: 1/12 levels left

rFire   . . .      SeeInvis .   h - +2 dagger (pain)
rCold   . . .      Faith    .   (no shield)
rNeg    . . .      Spirit   .   b - +0 robe
rPois   .          Reflect  .   c - +0 hat
rElec   .          Harm     .   (no cloak)
rCorr   .          Rampage  .   (no gloves)
Will    .....                   (no boots)
Stlth   ++........              (no amulet)
HPRegen 0.06/turn               (no ring)
MPRegen 0.12/turn               (no ring)

@: very slightly contaminated
A: no striking features
a: no special abilities


You were on level 2 of the Dungeon.
You visited 1 branch of the dungeon, and saw 2 of its levels.

You collected 58 gold pieces.

Inventory:

Hand Weapons
 e - a +0 spear
 h - a +2 dagger of pain (weapon)
Armour
 b - a +0 robe (worn)
 c - a +0 hat (worn)
Scrolls
 a - a scroll of amnesia {unknown}
 f - a scroll of enchant armour {unknown}
Potions
 d - a potion of brilliance {unknown}
 g - a potion of might {unknown}


   Skills:
 + Level 0.7 Fighting
 + Level 0.7 Armour
 - Level 2.4 Dodging
 - Level 2.4 Stealth
 * Level 5.1 Spellcasting
 + Level 1.7 Conjurations
 - Level 1.1 Summonings
 - Level 1.1 Translocations


You had one spell level left.
You knew the following spells:

 Your Spells              Type           Power      Damage    Failure   Level
a - Magic Dart            Conj           44%        1d5       6%          1
b - Mephitic Cloud        Conj/Pois/Air  7%         N/A       28%         3
c - Call Imp              Summ           9%         N/A       12%         2
d - Blink                 Tloc           18%        N/A       12%         2
e - Conjure Flame         Conj/Fire      8%         6-21      26%         3

Your spell library contained the following spells:

 Spells                   Type           Power      Damage    Failure   Level
 Slow                     Hex            16%        N/A       12%         1


Dungeon Overview and Level Annotations

Branches:
Dungeon (2/15)

Altars:

Shops:
D:1 (

Annotations:
D:2 Robin


Message History

The magic dart hits the kobold.
The kobold is moderately wounded.
Casting: Magic Dart (safe; 6% risk of failure)
Confirm with . or Enter, or press ? or * to list all spells.
Aiming: Magic Dart (safe; 6% risk of failure)
Press: ? - help, Shift-Dir - straight line, f/p - kobold
Aim: a kobold, wielding a +0 short sword (moderately wounded, 100% to hit)
The magic dart hits the kobold.
The kobold is heavily wounded.
Casting: Magic Dart (safe; 6% risk of failure)
Confirm with . or Enter, or press ? or * to list all spells.
Aiming: Magic Dart (safe; 6% risk of failure)
Press: ? - help, Shift-Dir - straight line, f/p - kobold
Aim: a kobold, wielding a +0 short sword (heavily wounded, 100% to hit)
The magic dart hits the kobold.
You kill the kobold!
Robin closely misses you. Robin hits you with a +0 falchion.
You see here a +2 dagger of pain.
h - a +2 dagger of pain Robin hits you with a +0 falchion.
You have a feeling of ineptitude.
h - a +2 dagger of pain (weapon)
You hit Robin.
Robin is moderately wounded.
Robin hits you with a +0 falchion.
You hit Robin but do no damage.
Robin is moderately wounded.
Robin hits you with a +0 falchion.
* * * LOW HITPOINT WARNING * * *
Casting: Magic Dart (safe; 6% risk of failure)
Confirm with . or Enter, or press ? or * to list all spells.
The spell is potentially lethal to cast (28% risk of failure)!
Continue anyway?
Okay, then.
Casting: Mephitic Cloud (potentially lethal; 28% risk of failure)
Confirm with . or Enter, or press ? or * to list all spells.
You miscast Blink.
You are very lightly contaminated with residual magic.
Nothing appears to happen.
Robin hits you with a +0 falchion!
You die...

######### #...gg.gg
#)###############
####.##............#
#....##.##########.#
#.##..#..#########.#
# #.............##.#
#...........g@..##.#
#...##......)<...>.#
#... #..#.......####
##.. #####.......#
#.. #.......... #..
#.##........
#.##.#......
..#####..... ...#
.#...


You could see Robin.

Vanquished Creatures
  An endoplasm (D:1)
  7 goblins
  3 hobgoblins (D:1)
  3 jackals (D:1)
  2 kobolds
  A quokka (D:1)
  A bat (D:1)
  3 frilled lizards (D:1)
  10 rats (D:1)
31 creatures vanquished.

Notes
Turn   | Place    | Note
-------+----------+-------------------------------------------
     0 | D:1      | pokeman the Deep Elf Hedge Wizard began the quest for the
                  | Orb.
     0 | D:1      | Reached XP level 1. HP: 10/10 MP: 7/7
   407 | D:1      | Reached XP level 2. HP: 13/15 MP: 4/9
  1275 | D:1      | Reached skill level 5 in Spellcasting
  1598 | D:1      | Found Kavec's Antique Weapon Shop.
  1715 | D:2      | Noticed Robin
  1739 | D:1      | Reached XP level 3. HP: 2/20 MP: 2/11
  1763 | D:1      | Learned a level 3 spell: Mephitic Cloud
  1766 | D:1      | Learned a level 2 spell: Call Imp
  1769 | D:1      | Learned a level 2 spell: Blink
  1773 | D:1      | Learned a level 3 spell: Conjure Flame
  2039 | D:2      | Slain by Robin

Illustrated notes

Levels and vault maps discovered:
D:1:      dpeg_arrival_rooms_b, layout_basic, serial_shops,
          nicolae_shop_crystal, hangedman_glass_teeth, minmay_rat_gold_closets
D:2:      wad_woods_stonehenge, layout_basic, st_stairs_4,
          hangedman_decor_growths, uniq_robin, uniq_natasha

Skill      XL: |  1  2 |
---------------+-------+-----
Spellcasting   | 5 |  5.1
Fighting       | |  0.7
Armour         | |  0.7
Dodging        | |  2.4
Stealth        | |  2.4
Conjurations   | |  1.7
Summonings     | |  1.1
Translocations | |  1.1

Action                   || total
-------------------------++-------
Melee: Dagger            ||     9
 Cast: Magic Dart        ||    74
Armor: Robe              ||     4
Dodge: Dodged            ||    20

Table legend: (Time is in decaauts)
 A = Elapsed time spent in this place.
 B = Non-inter-level travel time spent in this place.
 C = Inter-level travel time spent in this place.
 D = Time resting spent in this place.
 E = Time spent auto-exploring this place.
 F = Levels seen in this place.
 G = Mean time per level.
                   A        B        C        D        E       F      G
               +--------+--------+--------+--------+--------+-----+--------+
         Total |   2038 |   2010 |     28 |    255 |   1556 |   2 | 1019.0 |
       Dungeon |   2038 |   2010 |     28 |    255 |   1556 |   2 | 1019.0 |
               +--------+--------+--------+--------+--------+-----+--------+

Top non-repeatable levels by time:
     D:1: 1977 daAuts
     D:2: 61 daAuts
